 Dungeon Crawl Stone Soup version 0.23.2-1-ga50397a (webtiles) character file.

Game seed: 85995869542047119

5408 GuyDeFluk the Fighter (level 10, -1/97 HPs)
             Began as a Hill Orc Fighter on Apr 17, 2019.
             Was a High Priest of Okawaru.
             Killed by divine providence
             ... invoked by a balrug
              (8 damage)
             ... on level 4 of the Abyss on Apr 18, 2019.
             The game lasted 01:14:07 (8229 turns).

GuyDeFluk the Fighter (Hill Orc Fighter)            Turns: 8229, Time: 01:14:08

Health: -1/97      AC: 22    Str: 23    XL:     10   Next: 67%
Magic:  13/14      EV:  8    Int:  8    God:    Okawaru [*****.]
Gold:   352        SH: 13    Dex: 10    Spells: 9/9 levels left

rFire    . . .     SeeInvis .   a - +4 war axe
rCold    + . .     Gourm    .   c - +1 shield
rNeg     . . .     Faith    .   u - +0 plate armour
rPois    +         Spirit   .   j - +1 helmet
rElec    .         Reflect  .   m - +1 cloak
rCorr    .         Harm     .   (no gloves)
MR       .....                  y - +0 pair of boots
Stlth    ..........             C - amulet of rage
HPRegen  0.26/turn              o - ring of protection from cold
MPRegen  0.14/turn              p - ring of poison resistance

@: about to teleport, heroism, very slightly contaminated, hasted, invisible,
very quick
A: no striking features
a: Heroism, Finesse, Renounce Religion, Evoke Berserk Rage


You were on level 4 of the Abyss.
You worshipped Okawaru.
Okawaru was extremely pleased with you.
You were not hungry.

You visited 2 branches of the dungeon, and saw 10 of its levels.
You visited the Abyss 1 time.

You collected 352 gold pieces.

Inventory:

Hand Weapons
 a - a +4 war axe (weapon)
Missiles
 l - 8 tomahawks (quivered)
Armour
 c - a +1 shield (worn)
 j - a +1 helmet (worn)
 m - a +1 cloak (worn)
 u - a +0 plate armour (worn)
 y - a +0 pair of boots (worn)
 z - a +1 scale mail of fire resistance
Jewellery
 o - a ring of protection from cold (left hand)
 p - a ring of poison resistance (right hand)
 C - an amulet of rage (around neck)
Wands
 v - a wand of iceblast (7)
 A - a wand of digging (12)
 E - a wand of paralysis (5)
Scrolls
 n - 6 scrolls of remove curse
 q - a scroll of immolation
 t - a scroll of blinking
 w - 3 scrolls of fear
Potions
 d - 2 potions of brilliance
 h - 2 potions of curing
 i - 4 potions of mutation
 r - a potion of berserk rage
 s - a potion of ambrosia
Comestibles
 f - 13 rations
 x - 3 chunks of flesh


   Skills:
 * Level 12.0(17.0) Fighting
 + Level 9.5(14.5) Axes
 + Level 8.3(13.3) Armour
 + Level 6.6(11.6) Shields
 - Level 5.6 Invocations


You had 9 spell levels left.
You didn't know any spells.
Your spell library was empty.

Dungeon Overview and Level Annotations

Branches:
Dungeon (9/15)             Temple (1/1) D:4
   Lair: D:8-11         Orc: D:9-12

Altars:
Ashenzari
Cheibriados
Dithmenos
Elyvilon
Fedhas
Gozag
Hepliaklqana
Kikubaaqudgha
Makhleb
Nemelex Xobeh
Okawaru
Qazlal
Ru
Sif Muna
Uskayaw
Vehumet
Wu Jian
Xom
Yredelemnul
Zin
The Shining One

Shops:
D:5 [

Annotations:
D:2 Grinder
D:6 3 runed translucent doors, schauveau's ghost, novice MiFi
D:9 Erolcha


Message History

The tentacled starspawn is lightly damaged.
You hit the thrashing horror. You slash the hell hog!
You kill the hell hog!
Okawaru is honoured by your kill.
You can now speed up your combat.
Okawaru will now gift you equipment as you gain piety.
Your base Fighting skill increases to level 12!
You slash the thrashing horror! The thrashing horror tramples you!!
* * * LOW HITPOINT WARNING * * *
You hold your ground!
You block the thrashing horror's attack.
You block the tentacled starspawn's attack. x2
You slash the tentacled starspawn!
The tentacled starspawn is moderately damaged.
You hit the thrashing horror. You hit the balrug but do no damage.
You slash the thrashing horror!
You block the thrashing horror's attack. x2
The thrashing horror tramples you but does no damage. x2
The balrug gestures at you. Something smites you!
You die...

### . .#.#
.. . . #
#.... #...
..#*#...$
### ###
#§#..#. §.##
#####§#
§§§#..# #
##§§§§§..#.
#.
§#§§.§§.?#
..§2Wh#...#
#.#.#2#*..#.
..#X@Xh5#.
###X#2#..#
.. .w##...#
## ##.. ##.#
..# # ...
#.. ##.


You could see a tentacled starspawn, 2 balrugs, a wretched star, a blizzard
demon, 2 hell hogs, 2 thrashing horrors, a freezing wraith, a starspawn tentacle
and an iron imp.

Vanquished Creatures
  A hell hog (Abyss:4)
  Pikel (D:4)
  A worldbinder (Abyss:4)
  A troll (D:6)
  Prince Ribbit (D:7)
  An orc warrior (D:6)
  A slave (D:4)
  3 water moccasins
  3 ice beasts
  2 ogres
  A phantom (D:9)
  A centaur (D:8)
  A big kobold (D:8)
  6 bullfrogs
  4 scorpions
  4 killer bees (D:7)
  10 wights
  5 howler monkeys
  2 centaur zombies
  3 crimson imps
  A quasit (D:8)
  2 jellies
  5 orc wizards
  A bullfrog skeleton (D:6)
  A hound (D:8)
  2 centaur skeletons
  An iguana (D:8)
  Natasha (thrice) (D:4)
  2 worker ants
  2 hound skeletons
  A hound zombie (D:6)
  9 adders
  3 oozes
  3 adder skeletons
  2 worms
  2 dart slugs (D:1)
  6 leopard geckos
  19 orcs
  5 bats
  5 giant cockroaches
  8 goblins
  4 hobgoblins
  7 jackals
  16 kobolds
  2 quokkas
  4 frilled lizards
  A quokka skeleton (D:5)
  A quokka zombie (D:5)
  7 rats
177 creatures vanquished.

Vanquished Creatures (others)
  A starspawn tentacle (Abyss:4)
1 creature vanquished.

Grand Total: 178 creatures vanquished

Notes
Turn   | Place    | Note
-------+----------+-------------------------------------------
     0 | D:1      | GuyDeFluk the Hill Orc Fighter began the quest for the Orb.
     0 | D:1      | Reached XP level 1. HP: 19/19 MP: 1/1
   170 | D:1      | Reached XP level 2. HP: 27/27 MP: 2/2
   210 | D:1      | Reached skill level 4 in Fighting
   441 | D:1      | Reached XP level 3. HP: 31/33 MP: 3/3
  1342 | D:2      | Reached XP level 4. HP: 41/41 MP: 4/4
  1752 | D:3      | Noticed Grinder
  1804 | D:2      | Paralysed by Grinder for 2 turns
  1823 | D:2      | Paralysed by Grinder for 6 turns
  1825 | D:2      | HP: 1/41 [Grinder/nerve-wracking pain (8)]
  2704 | D:3      | Found a blossoming altar of Fedhas.
  2847 | D:4      | Found a staircase to the Ecumenical Temple.
  2875 | D:4      | Reached skill level 5 in Fighting
  2875 | D:4      | Reached XP level 5. HP: 45/48 MP: 5/5
  2970 | Temple   | Entered the Ecumenical Temple
  3004 | Temple   | Became a worshipper of Warmaster Okawaru
  3230 | D:4      | Found a sparkling altar of Nemelex Xobeh.
  3238 | D:4      | Found a sacrificial altar of Ru.
  3658 | D:4      | Noticed Natasha
  3663 | D:4      | Killed Natasha
  3663 | D:4      | Reached XP level 6. HP: 48/57 MP: 6/6
  3725 | D:4      | Noticed Natasha
  3737 | D:4      | Killed Natasha
  3865 | D:4      | Noticed Natasha
  3878 | D:4      | Killed Natasha
  4075 | D:5      | Entered Level 5 of the Dungeon
  4099 | D:5      | Reached skill level 6 in Fighting
  4106 | D:5      | Noticed a +0 dagger
  4107 | D:5      | Noticed a +0 dagger
  4113 | D:5      | Found a hide-covered altar of Uskayaw.
  4217 | D:5      | Found Keblaid's Armour Shop.
  4218 | D:5      | Noticed a slave
  4218 | D:5      | Noticed a slave
  4219 | D:5      | Noticed Pikel
  4219 | D:5      | Noticed a slave
  4219 | D:5      | Noticed a slave
  4268 | D:5      | Reached * piety under Okawaru
  4268 | D:5      | Reached XP level 7. HP: 61/64 MP: 7/7
  4343 | D:5      | Reached skill level 5 in Axes
  4545 | D:4      | Killed Pikel
  4545 | D:4      | Reached ** piety under Okawaru
  4545 | D:4      | Reached skill level 7 in Fighting
  4545 | D:4      | Reached skill level 5 in Armour
  4545 | D:4      | Reached XP level 8. HP: 45/74 MP: 6/10
  4924 | D:6      | Reached skill level 8 in Fighting
  5091 | D:6      | Noticed a troll
  5108 | D:6      | Killed a troll
  5562 | D:6      | Reached skill level 9 in Fighting
  5576 | D:6      | Reached *** piety under Okawaru
  5678 | D:6      | Reached XP level 9. HP: 81/83 MP: 12/12
  5698 | D:6      | Found a runed translucent gate.
  5704 | D:6      | Found a runed translucent gate.
  5708 | D:6      | Found a runed translucent gate.
  5710 | D:6      | Noticed schauveau's ghost (novice MiFi)
  6137 | D:7      | Reached skill level 5 in Invocations
  6291 | D:7      | Noticed Prince Ribbit
  6295 | D:7      | Killed Prince Ribbit
  6295 | D:7      | Reached skill level 10 in Fighting
  6500 | D:7      | Reached **** piety under Okawaru
  6504 | D:7      | Reached skill level 5 in Shields
  7263 | D:8      | Reached skill level 11 in Fighting
  7263 | D:8      | Reached XP level 10. HP: 95/95 MP: 14/14
  7288 | D:8      | Found a radiant altar of Vehumet.
  7966 | D:9      | Found a deep blue altar of Sif Muna.
  8070 | D:9      | Noticed Erolcha
  8071 | D:9      | Cast into level 1 of the Abyss (Erolcha)
  8190 | Abyss:4  | Noticed a blizzard demon
  8205 | Abyss:4  | Noticed a wretched star
  8206 | Abyss:4  | Noticed a thrashing horror
  8206 | Abyss:4  | Noticed a balrug
  8207 | Abyss:4  | Noticed a worldbinder
  8209 | Abyss:4  | Noticed a thrashing horror
  8211 | Abyss:4  | Noticed a hell hog
  8211 | Abyss:4  | Noticed a hell hog
  8212 | Abyss:4  | Noticed a hell hog
  8213 | Abyss:4  | Noticed a necromancer
  8213 | Abyss:4  | Noticed a necromancer
  8216 | Abyss:4  | Noticed a balrug
  8222 | Abyss:4  | Noticed a tentacled starspawn
  8225 | Abyss:4  | Killed a worldbinder
  8228 | Abyss:4  | Killed a hell hog
  8228 | Abyss:4  | Reached ***** piety under Okawaru
  8228 | Abyss:4  | Reached skill level 12 in Fighting
  8229 | Abyss:4  | Killed from afar by a balrug

Skill      XL: |  1  2  3  4  5  6  7  8  9 10 |
---------------+-------------------------------+-----
Fighting       | 4 5 6 7 9 11 12 | 12.0
Axes           | 3 4 5 7 8 9 |  9.5
Armour         | 4 5 6 7 8 |  8.3
Shields        | 4 5 6 |  6.6
Invocations    | 2 4 5 |  5.6

Action                   |  1- 3 |  4- 6 |  7- 9 | 10-12 || total
-------------------------+-------+-------+-------+-------++-------
Melee: War axe           |    88 |   154 |   264 |   108 ||   614
Throw: Tomahawk          |       |    10 |    26 |     1 ||    37
Invok: Heroism           |       |       |     4 |     1 ||     5
  Use: Scroll            |     6 |    11 |     7 |     4 ||    28
       Potion            |       |     4 |     3 |     2 ||     9
 Stab: Invisible         |       |       |       |     1 ||     1
  Eat: Chunk             |     1 |     7 |     3 |       ||    11
       Ration            |       |     1 |     2 |     1 ||     4
Armor: Scale mail        |    31 |    57 |    20 |       ||   108
       Plate armour      |       |       |   117 |    87 ||   204
Dodge: Dodged            |    29 |    41 |    62 |    22 ||   154
Block: Shield            |    54 |   118 |   137 |    73 ||   382
